Description

Basic 2 base marine/medivac +1 wpns push

Build Order

Get SALT Encoding   

  14  0:35  Supply Depot  
  16  1:15  Barracks  
  16  1:20  Refinery  send SCV scout across map
  17  1:50  SCV  SCOUT
  19  2:20  Orbital Command  
  19  2:30  Command Center  
  20  2:45  Refinery, Supply Depot, Barracks x2  X2 tech labs, stim, combat shield > Marine/Maruder
  22  3:00  Bunker  If no expansion
  24  3:15  Combat Shield, Stimpack  
  35  4:30  Factory  REACTOR
  40  5:00  Engineering Bay, Factory Tech Lab, Medivac, Missile Turret, Starport  SWAP TO REACTOR, TANKS, +1 wpns, If needed
  65  5:30  Action  ATTACK WHEN STIM is 75% COMPLETE
Spawning Tool Build Advisor. Get it on Overwolf

Go to:

Details

  • Created by: JimmusUK
  • Published on: Dec 15, 2025
  • Modified on: Dec 15, 2025
  • Patch: 5.0.11
  • Difficulty: Easy
Show
View Real Time Build Order
Export as new Build Order

Comments (0)

There are no comments. Be the first!

Create an account to comment!